 Dungeon Crawl Stone Soup version 0.30-a0-553-g7fabdf1491 (webtiles) character file.

Game seed: 461770072277385530

4317 stormer the Thaumaturge (level 10, -1/56 HPs)
             Began as an Octopode Summoner on Dec 26, 2022.
             Was an Initiate of Gozag.
             Killed by divine providence
             ... invoked by an orc priest
              (15 damage)
             ... on level 8 of the Dungeon.
             The game lasted 00:20:35 (10998 turns).

stormer the Thaumaturge (Octopode Summoner)        Turns: 10998, Time: 00:20:36

Health: -1/56      AC:  1    Str:  7    XL:     10   Next: 33%
Magic:  8/23       EV: 12    Int: 22    God:    Gozag
Gold:   395        SH:  3    Dex: 13    Spells: 13/28 levels left

rFire   . . .      SeeInvis .    (no weapon)
rCold   . . .      Faith    .    l - +0 buckler
rNeg    . . .      Spirit   .    (helmet restricted)
rPois   .          Reflect  .    (no amulet)
rElec   .          Harm     .    (no ring)
rCorr   .          Rampage  .    (no ring)
Will    .....                    (no ring)
Stlth   +++                      (no ring)
HPRegen 0.29/turn                (no ring)
MPRegen 0.18/turn                (no ring)
                                 (no ring)
                                 (no ring)

@: gold aura
A: almost no armour, amphibious, 8 rings, camouflage 1, gelatinous body 1,
(nimble swimmer 1), tentacles
a: Renounce Religion, Potion Petition, Call Merchant, Bribe Branch


You were on level 8 of the Dungeon.
You worshipped Gozag.
Gozag was aware of your devotion.
You visited 2 branches of the dungeon, and saw 9 of its levels.

You collected 894 gold pieces.
You spent 352 gold pieces at shops.
You paid 147 gold pieces to Gozag.


Innate Abilities, Weirdness & Mutations

You cannot wear most types of armour.
You are amphibious.
You can wear up to eight rings at the same time.
Your skin changes colour to match your surroundings (Stealth+).
Your rubbery body absorbs attacks. (AC +1, EV +1)
((You are camouflaged when in or above water. (Stealth+)))
You have tentacles for arms and can constrict up to eight enemies at once.


   Skills:
 - Level 2.0 Dodging
 - Level 2.6 Stealth
 + Level 9.9 Spellcasting
 - Level 8.0 Summonings
 + Level 1.8 Transmutations
 + Level 7.3 Air Magic


You had 13 spell levels left.
You knew the following spells:

 Your Spells              Type           Power      Damage    Failure   Level
c - Call Canine Familiar  Summ           46%        N/A       1%          3
f - Storm Form            Tmut/Air       15%        N/A       100%        7
l - Summon Lightning Spi  Summ/Air       44%        N/A       3%          4
s - Summon Small Mammal   Summ           100%       N/A       1%          1

Your spell library contained the following spells:

 Spells                   Type           Power      Damage    Failure   Level
 Call Imp                 Summ           46%        N/A       1%          2
 Summon Guardian Golem    Hex/Summ       28%        N/A       4%          3
 Blink                    Tloc           20%        N/A       13%         2
 Gell's Gravitas          Tloc           10%        N/A       26%         3
 Stone Arrow              Conj/Erth      20%        3d8       26%         3
 Teleport Other           Tloc           10%        N/A       26%         3
 Manifold Assault         Tloc           10%        N/A       63%         4
 Dispersal                Tloc           5%         N/A       100%        6
 Lehudib's Crystal Spear  Conj/Erth      5%         10d3      100%        8
 Animate Armour           Summ/Erth      Unusable   N/A       N/A         4

Inventory:

Missiles
 t - a throwing net {=f!f}
Armour
 l - a +0 buckler (worn)
   (You found it on level 2 of the Dungeon)
Jewellery
 F - a ring of fire
   (You found it on level 3 of the Dungeon)
 L - a ring of flight
   (You found it on level 2 of the Dungeon)
Wands
 e - a wand of iceblast (9)
   (You found it on level 8 of the Dungeon)
 y - a wand of flame (19)
   (You found it on level 7 of the Dungeon)
 z - a wand of paralysis (10)
   (You found it on level 7 of the Dungeon)
Scrolls
 f - a scroll of acquirement {unknown}
 h - a scroll of noise {!r}
 k - 5 scrolls of teleportation {@r4}
 n - a scroll of torment {!r}
 o - a scroll of fear {unknown}
 r - a scroll of amnesia {unknown}
 s - a scroll of brand weapon {unknown}
 v - 2 scrolls of poison {!r}
 x - a scroll of fog {unknown}
Potions
 a - a potion of magic
 b - a potion of brilliance {unknown}
 c - a potion of degeneration {unknown}
 d - a potion of berserk rage {unknown}
 g - a potion of heal wounds {@q2}
 i - 3 potions of invisibility
 j - a potion of might {unknown}
 p - a potion of flight {unknown}
 q - a potion of curing {@q1}
 u - a potion of mutation {unknown}
 w - 4 potions of haste {@q3}

Dungeon Overview and Level Annotations

Branches:
Dungeon (8/15)             Temple (1/1) D:6
   Lair: D:8-11

Altars:
Ashenzari
Cheibriados
Dithmenos
Elyvilon
Fedhas
Gozag
Hepliaklqana
Kikubaaqudgha
Nemelex Xobeh
Okawaru
Qazlal
Ru
Sif Muna
Uskayaw
Vehumet
Wu Jian
Xom
Yredelemnul
Zin
The Shining One

Shops:
D:1 :   D:6 = D:8

= ##### #...# ######
#...# #.....
####...################
#.####
.......'..............#
#.#
####...##############.#
#.# # #...##
#....#.######'#### #
#.#.#
###.................
###.#.#
#8h@###########.....
....#.# #.#l# .....
#..... #####.# #...#
####### #.....
..########...# ...
#.#..... .........l...#
### D#.....
#.......o##..#.#.#∩#
.#.####
#.....o..##..#.#...#
.#.# ##
#....$...#...#.# #.###.
.....l...+...# . #.....


You could see 2 wyverns, an orc priest, a friendly wolf (summoned) and a
friendly lightning spire (summoned).


Message History

The bolt of electricity hits the orc wizard.
The orc wizard dies!
The orc priest calls down the wrath of Beogh upon you.
Beogh smites you!
An orc comes into view. It is wielding a +0 mace.
The orc priest hits your wolf but does no damage.
An orc priest comes into view. It is wielding a +0 dagger.
Your wolf bites the orc priest!
The orc priest mumbles some strange prayers to Beogh against you.
Beogh smites you!
The orc priest hits your wolf but does no damage.
Unknown command.
Your wolf bites the orc priest!
The orc priest dies!
Your wolf bites the orc!
The orc dies!
A wyvern comes into view.
The orc priest misses your wolf.
Your wolf bites the orc priest.
The wyvern bites your wolf!
Your wolf closely misses the orc priest.
The orc priest hits your wolf with a +0 dagger.
Unknown command.
The wyvern bites your wolf but does no damage.
Your wolf bites the orc priest.
The wyvern bites your wolf!
Your wolf dies!
Your wolf's corpse disappears in a puff of smoke!
You hear an angry hiss.
A wyvern comes into view.
You are too injured to fight recklessly!
Unknown command.
Casting: Call Canine Familiar (safe; 1% risk of failure)
Confirm with . or Enter, or press ? or * to list all spells.
The wyvern is distracted by your dazzling golden aura.
The wyvern hisses menacingly.
The orc priest invokes the aid of Beogh against you.
Beogh smites you!
* * * LOW HITPOINT WARNING * * *
You swap places.
Something completely misses your wolf.
The orc priest looks encouraged for a moment.
Your wolf barely misses something.
Your wolf bites something.
Your wolf bites something.
The wyvern bites your lightning spire but does no damage.
The orc priest looks braver for a moment.
You hear a shout!
Casting: Call Canine Familiar (safe; 1% risk of failure)
Confirm with . or Enter, or press ? or * to list all spells.
Your wolf bites something!
You feel a bit more experienced. The wyvern bites your lightning spire.
The orc priest looks encouraged for a moment.
Casting: Summon Small Mammal (safe; 1% risk of failure)
Confirm with . or Enter, or press ? or * to list all spells.
Your wolf bites the orc priest.
The wyvern bites your lightning spire. x2
The orc priest completely misses your wolf.
Your lightning spire shoots out a bolt of lightning at the wyvern!
The bolt of electricity hits the wyvern.
The wyvern bites your lightning spire.
Your wolf barely misses the wyvern.
The wyvern barely misses your wolf. The wyvern bites your lightning spire!
Your wolf bites the wyvern.
The wyvern bites your lightning spire. The wyvern closely misses your wolf.
The orc priest mumbles some strange prayers to Beogh against you.
Beogh smites you!
* * * LOW HITPOINT WARNING * * *
Unknown command.
Unknown command.
Aiming: Iceblast
Press: ? - help, Q - select action, (/) - cycle Shift-Dir - straight line
Okay, then.
Your lightning spire disappears in a puff of smoke!
Your wolf bites the wyvern but does no damage.
The wyvern barely misses your wolf.
Your wolf bites the wyvern!
The orc priest hits your wolf with a +0 dagger.
Unknown command.
Unknown command.
The wyvern bites your rat.
Your wolf bites the wyvern.
The wyvern bites your wolf!
Your rat closely misses the wyvern.
The wyvern closely misses your rat.
Unknown command.
Unknown command.
Your wolf closely misses the wyvern.
The wyvern closely misses your wolf. The wyvern bites your rat.
Your rat dies!
Your rat's corpse disappears in a puff of smoke!
The orc priest barely misses your wolf.
Unknown command.
Casting: Summon Small Mammal (safe; 1% risk of failure)
Confirm with . or Enter, or press ? or * to list all spells.
An electric hum fills the air.
The wyvern bites your rat!!
Your rat dies!
Your rat's corpse disappears in a puff of smoke!
Your wolf bites the wyvern.
Something bites your wolf!
Your wolf dies!
Your wolf's corpse disappears in a puff of smoke!
Casting: Summon Lightning Spire (dangerous; 3% risk of failure)
Confirm with . or Enter, or press ? or * to list all spells.
You feel better.
Your wolf closely misses the wyvern.
The wyvern bites you!
* * * LOW HITPOINT WARNING * * *
The orc priest mumbles some strange prayers to Beogh against you.
Beogh smites you!
You die...
Your body crumbles into a pile of gold.

Skill      XL: |  1  2  3  4  5  6  7  8  9 10 |
---------------+-------------------------------+-----
Air Magic      | 1 2 3 4 5 7 |  7.3
Spellcasting   | 3 4 5 9 |  9.9
Summonings     | 5 6 8 |  8.0
Transmutations | 1 |  1.8
Dodging        | |  2.0
Stealth        | |  2.6

Action                   |  1- 3 |  4- 6 |  7- 9 | 10-12 || total
-------------------------+-------+-------+-------+-------++-------
Melee: Unarmed           |    48 |    21 |    84 |     9 ||   162
       Constrict         |    14 |     5 |    17 |     1 ||    37
       Tentacles         |     7 |     7 |    15 |     4 ||    33
       Punch             |       |       |     1 |     1 ||     2
 Cast: Summon Small Mamm |    43 |    11 |    39 |     4 ||    97
       Call Canine Famil |     2 |    26 |    53 |     9 ||    90
       Summon Lightning  |       |       |    33 |    14 ||    47
  Use: Potion            |       |       |     3 |     2 ||     5
       Scroll            |       |       |       |     8 ||     8
 Stab: Sleeping          |     1 |       |     3 |       ||     4
       Distracted        |     1 |       |     4 |       ||     5
Armor: Skin              |     5 |     2 |     5 |       ||    12
Dodge: Dodged            |    54 |    16 |    68 |    13 ||   151
Block: Buckler           |       |     2 |    14 |     1 ||    17

Levels and vault maps discovered:
D:1:      lightli_arrival_quake, layout_basic, serial_shops,
          nicolae_shop_hallway_stairs, hellmonk_ecumenical_altar_arch_garden,
          columned_hall_lemuel, minmay_misc_feat_more_columns
D:2:      layout_loops_cross, serial_forest, infiniplex_forest_zigzag_2,
          infiniplex_forest_straight_2, infiniplex_forest_corner_1,
          infiniplex_forest_join, infiniplex_forest_straight_3,
          chequers_serial_rivers_small_a, serial_bayou_crossing, uniq_sigmund
D:3:      layout_basic, regret_index_temple_of_mockery, lemuel_crystal_altar
D:4:      layout_cave_pods
D:5:      lemuel_castle_with_subvaults [lemuel_castle_interior_carwin_2],
          layout_loops_cross, mainiacjoe_overflow_24_doors,
          mainiacjoe_overflow_cross_hatched, nicolae_overflow_two_pavilions
D:6:      layout_rooms, nicolae_ru_sacrificial_ziggurat,
          minmay_temple_entry_glassed_door, serial_shops, kennysheep_mini,
          serial_glass, glass_columns_b, glass_columns_b, glass_columns_a,
          glass_columns_b, due_unseen_surprise, uniq_edmund, uniq_maggie
D:7:      layout_loops_ring, minmay_between
D:8:      layout_basic, grunt_lair_entry_orc_guard_hut,
          nicolae_inconvenience_store, kennysheep_generic_room_13
Temple:   nicolae_temple_slightly_damp_pantheon

Notes
Turn   | Place    | Note
-------+----------+-------------------------------------------
     0 | D:1      | stormer the Octopode Summoner began the quest for the Orb.
     0 | D:1      | Reached XP level 1. HP: 11/11 MP: 3/3
   266 | D:1      | Reached XP level 2. HP: 17/17 MP: 1/5
   320 | D:1      | Reached skill level 1 in Air Magic
   466 | D:1      | Found a faded altar of an unknown god.
   524 | D:1      | Found Nekkiq's Book Boutique.
   667 | D:1      | Reached XP level 3. HP: 19/21 MP: 3/6
  1424 | D:2      | Learned a level 3 spell: Call Canine Familiar
  1488 | D:2      | Reached skill level 2 in Air Magic
  1713 | D:2      | You pick up a book of Armaments and begin reading...
  1713 | D:2      | You add the spells Stone Arrow and Lehudib's Crystal Spear
                  | to your library.
  1872 | D:2      | Reached XP level 4. HP: 27/27 MP: 1/7
  2040 | D:2      | Noticed Sigmund
  2365 | D:2      | Killed Sigmund
  2366 | D:2      | Reached skill level 3 in Spellcasting
  2366 | D:2      | Reached skill level 5 in Summonings
  2366 | D:2      | Reached skill level 3 in Air Magic
  2366 | D:2      | Reached XP level 5. HP: 31/31 MP: 2/9
  2366 | D:2      | Reached XP level 6. HP: 36/36 MP: 2/10
  2433 | D:2      | Learned a level 4 spell: Summon Lightning Spire
  2443 | D:3      | Found a shadowy altar of Dithmenos.
  2837 | D:3      | Found a hazy altar of Hepliaklqana.
  2838 | D:3      | Found a shimmering altar of Xom.
  2839 | D:3      | Noticed a spectral ugly thing
  2888 | D:3      | You add the spells Gell's Gravitas, Teleport Other and
                  | Dispersal to your library.
  3858 | D:4      | Reached skill level 4 in Air Magic
  3922 | D:4      | Reached XP level 7. HP: 28/41 MP: 4/12
  4022 | D:4      | Reached skill level 6 in Summonings
  4308 | D:4      | HP: 10/40 [orc wizard/magic dart (6)]
  4587 | D:5      | Entered Level 5 of the Dungeon
  4616 | D:5      | HP: 7/36 [ice beast (11)]
  4862 | D:5      | Found a sparkling altar of Nemelex Xobeh.
  4878 | D:5      | Found a glowing golden altar of the Shining One.
  4940 | D:5      | Reached skill level 5 in Air Magic
  5020 | D:5      | Reached skill level 4 in Spellcasting
  5020 | D:5      | Reached XP level 8. HP: 46/46 MP: 7/14
  5254 | D:5      | Reached skill level 7 in Summonings
  5685 | D:5      | HP: 10/46 [orc wizard] (2)]
  5948 | D:5      | Reached skill level 6 in Air Magic
  6834 | D:5      | Found a broken altar of Ashenzari.
  6834 | D:5      | Found a blossoming altar of Fedhas.
  7115 | D:6      | Found Reiz's Jewellery Shop.
  7233 | D:6      | Found a staircase to the Ecumenical Temple.
  7233 | D:6      | Noticed Edmund
  7255 | D:6      | Killed Edmund
  7256 | D:6      | Reached skill level 5 in Spellcasting
  7256 | D:6      | Reached skill level 8 in Summonings
  7256 | D:6      | Reached skill level 7 in Air Magic
  7256 | D:6      | Reached XP level 9. HP: 51/51 MP: 4/16
  7349 | Temple   | Entered the Ecumenical Temple
  7556 | Temple   | Became a worshipper of Gozag Ym Sagoz the Greedy
  7661 | D:6      | Found a sacrificial altar of Ru.
  7927 | D:6      | Noticed Maggie
  7942 | D:6      | Killed Maggie
  7943 | D:6      | Reached skill level 6 in Spellcasting
  8079 | D:6      | HP: 8/51 [steam dragon (7)]
  8080 | D:6      | Reached skill level 7 in Spellcasting
  8387 | D:6      | You fall into a shaft and drop 1 floor!
  8572 | D:7      | Reached skill level 8 in Spellcasting
  9111 | D:7      | Reached skill level 9 in Spellcasting
  9111 | D:7      | Reached XP level 10. HP: 56/56 MP: 15/23
  9303 | D:7      | HP: 11/56 [killer bee (9)]
  9304 | D:7      | HP: 3/56 [killer bee (7)]
  9309 | D:7      | HP: 14/56 [poisoned by a killer bee]
  9864 | D:1      | Bought an Inescapable Atlas for 352 gold pieces
  9864 | D:1      | You add the spells Blink, Manifold Assault and Storm Form
                  | to your library.
  9872 | D:1      | Learned a level 7 spell: Storm Form
 10453 | D:8      | Found Paaqimun's Jewellery Shoppe.
 10655 | D:8      | Reached skill level 1 in Transmutations
 10991 | D:8      | HP: 10/56 [orc priest/divine providence (9)]
 10998 | D:8      | HP: 14/56 [wyvern (7)]
 10998 | D:8      | Killed from afar by an orc priest

Vanquished Creatures
  A hound (D:4)
  An iguana (D:6)
  An adder (D:2)
  A gnoll (D:4)
  A dart slug (D:5)
  2 orcs
  2 bats (D:1)
  An endoplasm (D:1)
  2 giant cockroaches (D:4)
  3 goblins
  A hobgoblin (D:1)
  5 jackals
  A kobold (D:4)
22 creatures vanquished.

Vanquished Creatures (collateral kills)
  Maggie (D:6)
  Sigmund (D:2)
  A shadow (D:7)
  A steam dragon (D:6)
  A wyvern (D:7)
  Edmund (D:6)
  2 ice beasts
  2 orc warriors
  2 black bears (D:5)
  3 sky beasts
  3 ogres
  2 centaurs (D:7)
  A phantom (D:4)
  A nameless horror (D:6)
  A kobold brigand (D:5)
  A bullfrog (D:7)
  12 wights
  4 killer bees (D:7)
  3 howler monkeys
  6 hounds
  A jelly (D:7)
  4 orc priests
  7 orc wizards
  23 gnolls
  5 adders
  2 white imps
  2 ufetubi
  A worm (D:3)
  3 dart slugs
  24 orcs
  5 ball pythons
  2 bats
  6 endoplasms
  A giant cockroach (D:3)
  5 goblins
  4 hobgoblins
  18 jackals
  3 kobolds
  3 quokkas
  2 frilled lizards
  A rat (D:2)
171 creatures vanquished.

Vanquished Creatures (others)
  An orc wizard (D:5)
  A plant (D:5)
2 creatures vanquished.

Grand Total: 195 creatures vanquished

Table legend:
 A = Non-vault XP
 B = Vault XP
 C = Vault XP percentage of total XP
 D = Non-vault monster count
 E = Vault monster count
 F = Vault count percentage of total count
                 A         B        C        D         E       F
            +---------+---------+-------+---------+---------+-------
      Total |    4376 |    1792 |  29.1 |     135 |      58 |  30.1
            +---------+---------+-------+---------+---------+-------
        D:1 |      43 |       0 |   0.0 |      22 |       0 |   0.0
        D:2 |      81 |     226 |  73.6 |      11 |       1 |   8.3
        D:3 |      78 |       0 |   0.0 |      15 |       0 |   0.0
        D:4 |     283 |       0 |   0.0 |      26 |       0 |   0.0
        D:5 |     738 |     652 |  46.9 |      17 |      49 |  74.2
        D:6 |     650 |     539 |  45.3 |      11 |       2 |  15.4
        D:7 |    1699 |     305 |  15.2 |      20 |       5 |  20.0
        D:8 |     804 |      70 |   8.0 |      13 |       1 |   7.1
            +---------+---------+-------+---------+---------+-------

Illustrated notes

Table legend:
 A = Kills in this place as a percentage of kills in entire the game.
 B = Kills by you in this place as a percentage of kills by you in the entire game.
 C = Kills by friends in this place as a percentage of kills by friends in the entire game.
 D = Other kills in this place as a percentage of other kills in the entire game.
 E = Experience gained in this place as a percentage of experience gained in the entire game.
 F = Experience gained in this place divided by the number of levels of this place that you have seen.
                   A       B       C       D       E      F
               +-------+-------+-------+-------+-------+----------------------
         Total | 100.0 | 100.0 | 100.0 | 100.0 | 100.0 | 685.3
       Dungeon | 100.0 | 100.0 | 100.0 | 100.0 | 100.0 | 771.0
               +-------+-------+-------+-------+-------+----------------------

Table legend: (Time is in decaauts)
 A = Elapsed time spent in this place.
 B = Non-inter-level travel time spent in this place.
 C = Inter-level travel time spent in this place.
 D = Time resting spent in this place.
 E = Time spent auto-exploring this place.
 F = Levels seen in this place.
 G = Mean time per level.
                   A        B        C        D        E       F      G
               +--------+--------+--------+--------+--------+-----+--------+
         Total |  11011 |  10213 |    798 |   1659 |   6816 |   9 | 1223.4 |
       Dungeon |  10784 |  10043 |    741 |   1659 |   6660 |   8 | 1348.0 |
        Temple |    226 |    169 |     57 |      0 |    156 |   1 |  226.0 |
               +--------+--------+--------+--------+--------+-----+--------+

Top non-repeatable levels by time:
     D:5: 2313 daAuts
     D:1: 1886 daAuts
     D:7: 1417 daAuts
     D:4: 1304 daAuts
     D:6: 1170 daAuts
     D:2: 1065 daAuts
     D:3: 1040 daAuts
     D:8: 586 daAuts
  Temple: 226 daAuts
